 Dungeon Crawl Stone Soup version 0.27.1-15-g792fb953b9 (webtiles) character file.

Game seed: 11397805361042216850

11 bearlyready the Cutter (level 2, 0/19 HPs)
             Began as a Kobold Fighter on Nov 18, 2021.
             Constricted to death by a ball python (1 damage)
             ... on level 1 of the Dungeon.
             The game lasted 00:00:57 (703 turns).

bearlyready the Cutter (Kobold Fighter)              Turns: 703, Time: 00:00:58

Health: 0/19       AC:  6    Str: 13    XL:     2   Next: 40%
Magic:  2/2        EV:  7    Int:  9    God:
Gold:   22         SH:  5    Dex: 14    Spells: 1/1 levels left

rFire    . . .     SeeInvis .   a - +0 rapier
rCold    . . .     Faith    .   c - +0 buckler
rNeg     . . .     Spirit   .   b - +0 scale mail
rPois    .         Reflect  .   (no helmet)
rElec    .         Harm     .   (no cloak)
rCorr    .         Rampage  .   (no gloves)
Will     .....                  (no boots)
Stlth    ++........             (no amulet)
HPRegen  0.06/turn              (no ring)
MPRegen  0.08/turn              (no ring)

@: mighty, constricted
A: small, no large weapons, nightstalker 3
a: no special abilities


You were on level 1 of the Dungeon.
You visited 1 branch of the dungeon, and saw 1 of its levels.

You collected 22 gold pieces.

Inventory:

Hand Weapons
 a - a +0 rapier (weapon)
Armour
 b - a +0 scale mail (worn)
 c - a +0 buckler (worn)


   Skills:
 - Level 3.2 Fighting
 + Level 3.3 Short Blades
 - Level 2.4 Armour
 + Level 1.9 Stealth
 - Level 2.4 Shields


You had one spell level left.
You didn't know any spells.
Your spell library was empty.

Dungeon Overview and Level Annotations

Branches:
Dungeon (1/15)

Altars:


Innate Abilities, Weirdness & Mutations

You are small and have problems with some larger weapons.
You are completely attuned to the shadows.


Message History

The quokka closely misses you.
The quokka bites you but does no damage.
You miss the quokka.
The quokka is lightly wounded.
The quokka bites you.
You miss the quokka.
The quokka is lightly wounded.
The quokka barely misses you.
You barely miss the quokka.
The quokka is lightly wounded.
You block the quokka's attack.
You closely miss the quokka.
The quokka is lightly wounded.
You block the quokka's attack. The quokka closely misses you.
You closely miss the quokka.
The quokka is lightly wounded.
The quokka bites you but does no damage.
You hit the quokka but do no damage.
The quokka is lightly wounded.
You block the quokka's attack. The quokka bites you.
* * * LOW HITPOINT WARNING * * *
The quokka bites you but does no damage.
The quokka misses you. The quokka barely misses you. The quokka bites you.
* * * LOW HITPOINT WARNING * * *
The quokka barely misses you.
You aren't carrying any scrolls.
Okay, then.
Unknown command.
The quokka bites you.
* * * LOW HITPOINT WARNING * * *
You puncture the quokka!
You kill the quokka!
You puncture the goblin!
You kill the goblin!
You feel very mighty all of a sudden. You block the ball python's attack.
The ball python grabs you. The ball python constricts you.
You die...

#.############ #.#..........#
####.#.########.# # #........#
#.# # #........# #.##### #
#........# ###......
################@#...............
............####S##########......
######.....[.......# #...... #
#....#....#.#.# ###...... #
#....#......#.# ..[...... #
#....##..†#.#.#.# #.......
######....##...#.#.#.# ###...####
..gS......##...#.#.#.#...........
######....##...#.#.#.#.##......##


You could see a ball python.

Vanquished Creatures
  A dart slug (D:1)
  2 endoplasms (D:1)
  2 goblins (D:1)
  A quokka (D:1)
  A ball python (D:1)
  A frilled lizard (D:1)
  A rat (D:1)
9 creatures vanquished.

Notes
Turn   | Place    | Note
-------+----------+-------------------------------------------
     0 | D:1      | bearlyready the Kobold Fighter began the quest for the Orb.
     0 | D:1      | Reached XP level 1. HP: 14/14 MP: 1/1
    97 | D:1      | Reached skill level 1 in Stealth
   459 | D:1      | Reached XP level 2. HP: 12/19 MP: 2/2
   703 | D:1      | Constricted to death by a ball python

Illustrated notes

Levels and vault maps discovered:
D:1:      minmay_arrival_three_doors, layout_basic,
          hellmonk_ecumenical_altar_inner_sanctum

Skill      XL: |  1 |
---------------+----+-----
Stealth        | 1 |  1.9
Short Blades   | 3 |  3.3
Fighting       | |  3.2
Armour         | |  2.4
Shields        | |  2.4

Action                   || total
-------------------------++-------
Melee: Rapier            ||    24
  Use: Potion            ||     1
Armor: Scale mail        ||    11
Dodge: Dodged            ||    21
Block: Buckler           ||    13
